 Dungeon Crawl Stone Soup version 0.30-a0-134-gb40fab5c76 (webtiles) character file.

Game seed: 17505505450293626337

6 Jerej03 the Magician (level 1, 0/14 HPs)
             Began as a Demigod Hedge Wizard on Sept 19, 2022.
             Slain by a hobgoblin (3 damage)
             ... on level 1 of the Dungeon.
             The game lasted 00:01:55 (171 turns).

Jerej03 the Magician (Demigod Hedge Wizard)          Turns: 171, Time: 00:01:56

Health: 0/14       AC:  2    Str: 11    XL:     1   Next: 60%
Magic:  0/6        EV: 12    Int: 16    God:
Gold:   0          SH:  5    Dex: 13    Spells: 4/5 levels left

rFire   . . .      SeeInvis .    a - +0 dagger
rCold   . . .      Faith    .    (no shield)
rNeg    . . .      Spirit   .    b - +0 robe
rPois   .          Reflect  +    c - +0 hat
rElec   .          Harm     .    (no cloak)
rCorr   .          Rampage  .    (no gloves)
Will    .....                    (no boots)
Stlth   ++........               e - amulet of reflection
HPRegen 0.04/turn                (no ring)
MPRegen 0.10/turn                (no ring)

@: no status effects
A: high MP 1, forlorn, divine attributes
a: no special abilities


You were on level 1 of the Dungeon.
You visited 1 branch of the dungeon, and saw 1 of its levels.

Inventory:

Hand Weapons
 a - a +0 dagger (weapon)
Armour
 b - a +0 robe (worn)
 c - a +0 hat (worn)
Jewellery
 e - an amulet of reflection (around neck)
Potions
 d - a potion of magic
 f - a potion of heal wounds {unknown}


   Skills:
 + Level 1.8 Dodging
 + Level 1.7 Stealth
 + Level 2.9 Spellcasting
 + Level 1.1 Conjurations
 + Level 0.8 Summonings
 + Level 0.8 Translocations


You had 4 spell levels left.
You knew the following spells:

 Your Spells              Type           Power      Damage    Failure   Level
a - Magic Dart            Conj           20%        1d4       12%         1

Your spell library contained the following spells:

 Spells                   Type           Power      Damage    Failure   Level
 Slow                     Hex            8%         N/A       19%         1
 Blink                    Tloc           10%        N/A       21%         2
 Call Imp                 Summ           5%         N/A       21%         2
 Cigotuvi's Dreadful Rot  Necr/Pois/Air  4%         N/A       28%         2
 Mephitic Cloud           Conj/Pois/Air  3%         N/A       43%         3


Dungeon Overview and Level Annotations

Branches:
Dungeon (1/15)


Innate Abilities, Weirdness & Mutations

You have an increased reservoir of magic. (+10% MP)
You shall have no god before yourself.
Your divine heritage dramatically boosts your attributes as you level up.


Message History

Press: ? - help, Shift-Dir - straight line, f/p - hobgoblin
Aim: a hobgoblin (severely wounded, 100% to hit)
The magic dart hits the hobgoblin.
The hobgoblin is almost dead.
The hobgoblin misses you.
Casting: Magic Dart (safe; 12% risk of failure)
Confirm with . or Enter, or press ? or * to list all spells.
Aiming: Magic Dart (safe; 12% risk of failure)
Press: ? - help, Shift-Dir - straight line, f/p - hobgoblin
Aim: a hobgoblin (almost dead, 100% to hit)
The magic dart hits the hobgoblin but does no damage.
The hobgoblin is almost dead.
The hobgoblin closely misses you.
Casting: Magic Dart (safe; 12% risk of failure)
Confirm with . or Enter, or press ? or * to list all spells.
Aiming: Magic Dart (safe; 12% risk of failure)
Press: ? - help, Shift-Dir - straight line, f/p - hobgoblin
Aim: a hobgoblin (almost dead, 100% to hit)
The magic dart hits the hobgoblin.
You kill the hobgoblin!
You closely miss the hobgoblin. The hobgoblin hits you.
* * * LOW HITPOINT WARNING * * *
Casting: Magic Dart (safe; 12% risk of failure)
Confirm with . or Enter, or press ? or * to list all spells.
Aiming: Magic Dart (safe; 12% risk of failure)
Press: ? - help, Shift-Dir - straight line, f - hobgoblin
Aim: a hobgoblin (100% to hit)
The magic dart hits the hobgoblin but does no damage.
The hobgoblin hits you but does no damage.
Casting: Magic Dart (safe; 12% risk of failure)
Confirm with . or Enter, or press ? or * to list all spells.
Aiming: Magic Dart (safe; 12% risk of failure)
Press: ? - help, Shift-Dir - straight line, f/p - hobgoblin
Aim: a hobgoblin (100% to hit)
The magic dart hits the hobgoblin.
The hobgoblin is severely wounded.
The hobgoblin closely misses you. The hobgoblin attacks as you move away!
The hobgoblin barely misses you. The hobgoblin attacks as you move away!
The hobgoblin hits you.
You die...

###+### ####.....+
...#.....# .........#
.<.'..⌠..# ....g$..#
...#.....### #
........# ####.....'.#
#. ...... ###+###)#
#.# ..... #...#..#
#..## #..# #.8.#..#
#.@#####.$# #...#>.#
##.g.##...#
######..#######.J..#.#
...............#####.#
####....######.....#.#
#....# #####....#
###### ##...# ####


You could see an endoplasm and a hobgoblin.

Vanquished Creatures
  A goblin (D:1)
  2 hobgoblins (D:1)
  A bat (D:1)
  2 frilled lizards (D:1)
6 creatures vanquished.

Notes
Turn   | Place    | Note
-------+----------+-------------------------------------------
     0 | D:1      | Jerej03 the Demigod Hedge Wizard began the quest for the
                  | Orb.
     0 | D:1      | Reached XP level 1. HP: 14/14 MP: 6/6
    23 | D:1      | Reached skill level 1 in Conjurations
   171 | D:1      | Slain by a hobgoblin

Illustrated notes

Levels and vault maps discovered:
D:1:      minmay_arrival_stair_chambers, layout_rooms, minmay_octomino_c4

Skill      XL: |  1 |
---------------+----+-----
Conjurations   | 1 |  1.1
Dodging        | |  1.8
Stealth        | |  1.7
Spellcasting   | |  2.9
Summonings     | |  0.8
Translocations | |  0.8

Action                   || total
-------------------------++-------
Melee: Dagger            ||    17
 Cast: Magic Dart        ||    14
Armor: Robe              ||     5
Dodge: Dodged            ||    21
Block: Other             ||     6

Table legend: (Time is in decaauts)
 A = Elapsed time spent in this place.
 B = Non-inter-level travel time spent in this place.
 C = Inter-level travel time spent in this place.
 D = Time resting spent in this place.
 E = Time spent auto-exploring this place.
 F = Levels seen in this place.
 G = Mean time per level.
                   A        B        C        D        E       F      G
               +--------+--------+--------+--------+--------+-----+--------+
         Total |    171 |    171 |      0 |      0 |    114 |   1 |  171.0 |
       Dungeon |    171 |    171 |      0 |      0 |    114 |   1 |  171.0 |
               +--------+--------+--------+--------+--------+-----+--------+

Top non-repeatable levels by time:
     D:1: 171 daAuts
